 Dungeon Crawl Stone Soup version 0.31-a0-977-gc230f8ef24 (webtiles) character file.

Game seed: 10324389161783917091

3474 Shayle the Black Belt (level 10, 0/52 HPs)
             Began as a Tengu Hexslinger on Oct 29, 2023.
             Was an Initiate of Gozag.
             Slain by a deep troll (12 damage)
             ... on level 8 of the Dungeon.
             The game lasted 00:23:43 (6611 turns).

Shayle the Black Belt (Tengu Hexslinger)            Turns: 6611, Time: 00:23:47

Health: 0/52       AC:  9    Str: 18    XL:     10   Next: 6%
Magic:  10/12      EV: 20    Int: 17    God:    Gozag
Gold:   882        SH:  0    Dex: 17    Spells: 9/11 levels left

rFire   . .          .
                       - Unarmed
rCold   . . .        (no shield)
rNeg    . . .        H - +1 ring mail of Awe {rCorr Str+3}
rPois   .            (helmet restricted)
rElec   .            d - +1 cloak
rCorr   +            B - +0 pair of gloves
SInv    .            (boots unavailable)
Will    .....        (no amulet)
Stlth   +            e - +6 ring of strength
HPRegen 0.28/turn    k - +5 ring of evasion
MPRegen 0.13/turn

%: acrobat
@: flying, very slightly contaminated
A: beak, talons 3, evasive flight, acrobatic
a: Renounce Religion, Potion Petition, Call Merchant, Bribe Branch


You were on level 8 of the Dungeon.
You worshipped Gozag.
Gozag was pleased with you.
You visited 2 branches of the dungeon, and saw 10 of its levels.

You collected 964 gold pieces.
You paid 82 gold pieces to Gozag.

Inventory:

Hand Weapons
 a - a +1 sling
 m - a +1 mace of draining
 F - the +0 rapier of Fedhas's Fury {flame, *Slow rF++ rN+++ Int+3}
   (You found it on level 7 of the Dungeon)

   Int+3:     It affects your intelligence (+3).
   rF++:      It greatly protects you from fire.
   rN+++:     It renders you almost immune to negative energy.
   *Slow:     It may slow you when you take damage.
 J - a +2 quarterstaff of chaos
Armour
 c - a +0 robe
 d - a +1 cloak (worn)
 B - a +0 pair of gloves (worn)
 H - the +1 ring mail of Awe (worn) {rCorr Str+3}
   (You found it on level 7 of the Dungeon)

   Str+3:     It affects your strength (+3).
   rCorr:     It protects you from acid and corrosion.
Jewellery
 e - a +6 ring of strength (left hand)
 k - a +5 ring of evasion (right hand)
 l - a ring of protection from fire
 p - a ring of fire
 q - a +6 ring of strength
Wands
 i - a wand of mindburst (36)
 t - a wand of polymorph (11)
 E - a wand of light (1)
 G - a wand of paralysis (16)
Scrolls
 b - a scroll of poison
 f - 3 scrolls of revelation
 g - 3 scrolls of teleportation
 h - 2 scrolls of immolation
 u - 2 scrolls of fear {unknown}
 y - a scroll of torment
 A - a scroll of noise
 I - a scroll of enchant weapon {unknown}
Potions
 j - 3 potions of curing
 n - a potion of magic
 o - 2 potions of brilliance
 r - 2 potions of attraction
 v - 3 potions of degeneration
 w - a potion of ambrosia
 x - a potion of lignification
 z - 2 potions of invisibility
 C - 2 potions of enlightenment
 D - 2 potions of heal wounds


   Skills:
 + Level 1.0 Fighting
 - Level 2.1 Ranged Weapons
 + Level 0.0 Armour
 - Level 2.1 Dodging
 - Level 15.0 Unarmed Combat
 - Level 1.0 Spellcasting
 - Level 2.1 Hexes
 - Level 1.1 Fire Magic


You had 9 spell levels left.
You knew the following spells:

 Your Spells              Type           Power      Damage    Failure   Level
a - Jinxbite              Hex            16%        N/A       24%         2

Your spell library contained the following spells:

 Spells                   Type           Power      Damage    Failure   Level
 Apportation              Tloc           0%         N/A       36%         1
 Necrotise                Necr           0%         1d4       36%         1
 Summon Small Mammal      Summ           0%         N/A       36%         1
 Sigil of Binding         Hex            8%         N/A       43%         3
 Sublimation of Blood     Necr           0%         N/A       50%         2
 Inner Flame              Hex/Fire       6%         N/A       52%         3
 Gell's Gravitas          Tloc           0%         N/A       75%         3
 Teleport Other           Tloc           0%         N/A       75%         3
 Cause Fear               Hex            4%         N/A       83%         4
 Dimensional Bullseye     Hex/Tloc       2%         N/A       94%         4
 Petrify                  Tmut/Erth      0%         N/A       98%         4
 Irradiate                Conj/Tmut      0%         3d11      100%        5
 Dispersal                Tloc           0%         N/A       100%        6


Dungeon Overview and Level Annotations

Branches:
Dungeon (9/15)             Temple (1/1) D:5
   Lair: D:8-11         Orc: D:9-12

Altars:
Ashenzari
Dithmenos
Elyvilon
Gozag
Hepliaklqana
Kikubaaqudgha
Makhleb
Nemelex Xobeh
Okawaru
Ru
Sif Muna
Trog
Uskayaw
Vehumet
Wu Jian
Xom
Yredelemnul
Zin
The Shining One


Innate Abilities, Weirdness & Mutations

You have a beak for a mouth.
You have claws for feet.
Your magical flight helps you evade attacks. (EV +4)
You can magically evade attacks while moving or waiting.


Message History

Your Unarmed Combat skill increases to level 15!
Things that are here:
18 gold pieces; a +0 shortbow The gnoll is no longer distracted by gold.
Found a stone staircase leading up.
Found a ring mail.
There is a stone staircase leading up here.
You fly upwards.
There is a stone staircase leading down here.
A deep troll comes into view.
The deep troll shouts!
Casting: Jinxbite (dangerous; 24% risk of failure)
Confirm with . or Enter, or press ? or * to list all spells.
You miscast Jinxbite.
You are very lightly contaminated with residual magic.
Nothing appears to happen.
The deep troll closely misses you. The deep troll claws you!
The deep troll closely misses you.
You punch the deep troll!
The deep troll is lightly wounded.
The deep troll bites you but does no damage.
The deep troll claws you but does no damage.
The deep troll claws you.
You hit the deep troll but do no damage.
You claw the deep troll, but do no damage.
You peck the deep troll, but do no damage.
The deep troll is lightly wounded.
You punch the deep troll!
You claw the deep troll, but do no damage.
The deep troll is moderately wounded.
The deep troll bites you! The deep troll barely misses you. x2
Okay, then.
Aiming: Bolt of Light
Press: ? - help, Shift-Dir - straight line, f - deep troll
Aim: a deep troll (moderately wounded, 71% to hit)
The bolt of light misses the deep troll.
The deep troll bites you.
* * * LOW HITPOINT WARNING * * *
The deep troll claws you!
You die...
Your body crumbles into a pile of gold.

.##..#.............>..#
###..#................#
#..............T...##
##...#.............#
#...#......#.####.#
#...#.....##.# #.##
#...##.......# #..##
#...#..#.#..#####...#
##.......#...@T.....#
###..##.....#.##.#...#
###....##.###...##.#####
....#...#.#....###.
............##.# ..
###..#.....##### ..
###.....##.# ..T
.........#.# ...
..###....#.#


You could see a deep troll.

Vanquished Creatures
  A deep troll (D:8)
  2 wyverns (D:8)
  2 steam dragons
  Edmund (D:6)
  A water moccasin (D:7)
  A black bear (D:7)
  A sky beast (D:6)
  4 ice beasts
  An ogre (D:6)
  4 centaurs
  A phantom (D:5)
  2 bullfrogs
  3 kobold brigands
  3 wights (D:8)
  3 killer bees
  5 hounds
  3 orc priests
  Crazy Yiuf (D:6)
  3 iguanas
  An orc wizard (D:7)
  9 adders
  A shadow imp (D:5)
  2 white imps
  2 ufetubi (D:6)
  2 worms
  4 dart slugs
  11 orcs
  9 endoplasms
  3 giant cockroaches
  11 goblins
  6 hobgoblins
  4 jackals (D:2)
  18 kobolds
  7 ball pythons
  6 bats
  3 frilled lizards (D:1)
  6 rats
147 creatures vanquished.

Notes
Turn   | Place    | Note
-------+----------+-------------------------------------------
     0 | D:1      | Shayle the Tengu Hexslinger began the quest for the Orb.
     0 | D:1      | Reached XP level 1. HP: 12/12 MP: 3/3
    84 | D:1      | Reached skill level 1 in Unarmed Combat
   111 | D:1      | Reached XP level 2. HP: 16/16 MP: 4/4
   128 | D:1      | Reached skill level 2 in Unarmed Combat
   369 | D:1      | Reached XP level 3. HP: 20/20 MP: 5/5
   445 | D:1      | Reached skill level 3 in Unarmed Combat
   857 | D:2      | Reached XP level 4. HP: 25/25 MP: 6/6
   897 | D:2      | Learned a level 2 spell: Jinxbite
   916 | D:2      | You fall into a shaft and drop 2 floors!
   945 | D:4      | Reached skill level 4 in Unarmed Combat
   960 | D:3      | Found a shimmering blue altar of Sif Muna.
  1487 | D:3      | Reached XP level 5. HP: 24/29 MP: 4/7
  1523 | D:3      | Reached skill level 5 in Unarmed Combat
  1850 | D:3      | Found a bloodstained altar of Trog.
  2225 | D:4      | Reached skill level 6 in Unarmed Combat
  2229 | D:4      | Reached XP level 6. HP: 21/34 MP: 4/8
  2733 | D:5      | Entered Level 5 of the Dungeon
  2743 | D:5      | Noticed an ice beast
  2763 | D:5      | Killed an ice beast
  2764 | D:5      | Reached skill level 7 in Unarmed Combat
  2879 | D:5      | Found a sparkling altar of Nemelex Xobeh.
  2962 | D:5      | Noticed an ice beast
  3033 | D:5      | Gained mutation: Your magical flight helps you evade
                  | attacks. (EV +4) [Tengu growth]
  3033 | D:5      | Reached XP level 7. HP: 37/38 MP: 4/9
  3144 | D:5      | Found a staircase to the Ecumenical Temple.
  3153 | Temple   | Entered the Ecumenical Temple
  3162 | Temple   | Became a worshipper of Gozag Ym Sagoz the Greedy
  3226 | D:5      | Found a broken altar of Ashenzari.
  3320 | D:5      | Reached skill level 8 in Unarmed Combat
  3724 | D:7      | Reached skill level 9 in Unarmed Combat
  3862 | D:7      | Reached XP level 8. HP: 5/43 MP: 5/10
  4107 | D:7      | Identified the +0 rapier of Fedhas's Fury {flame, *Slow
                  | rF++ rN+++ Int+3}
  4159 | D:7      | Found a white marble altar of Elyvilon.
  4173 | D:7      | Identified the +1 ring mail of Awe {rCorr Str+3}
  4409 | D:6      | Reached skill level 10 in Unarmed Combat
  4475 | D:6      | Found a basalt altar of Yredelemnul.
  4551 | D:6      | Noticed Edmund
  4581 | D:6      | Killed Edmund
  4648 | D:6      | Reached skill level 11 in Unarmed Combat
  4708 | D:6      | Found a runed translucent door.
  4709 | D:6      | Noticed Crazy Yiuf
  5141 | D:6      | Killed Crazy Yiuf
  5142 | D:6      | Reached skill level 12 in Unarmed Combat
  5142 | D:6      | Reached XP level 9. HP: 44/47 MP: 11/11
  5797 | D:7      | Reached skill level 13 in Unarmed Combat
  6123 | D:8      | Reached skill level 14 in Unarmed Combat
  6466 | D:8      | Noticed a deep troll
  6482 | D:8      | Killed a deep troll
  6483 | D:8      | Reached XP level 10. HP: 52/52 MP: 12/12
  6492 | D:8      | Noticed a deep troll
  6555 | D:9      | Reached skill level 15 in Unarmed Combat
  6606 | D:8      | Noticed a deep troll
  6611 | D:8      | Slain by a deep troll

Illustrated notes

Levels and vault maps discovered:
D:1:      nzn_arrival_depleted_hourglass, layout_rooms, minmay_tetromino_s2
D:2:      layout_rooms, chequers_mini_garden, corexii_corridor_pit
D:3:      layout_rooms, lemuel_tele_altar, trog_hazing_becter
D:4:      layout_cave_pods, minmay_misc_feat_tiny, hangedman_decor_slide_cut,
          corexii_shack
D:5:      layout_cave_pools, mainiacjoe_overflow_six_doors_small,
          nemelex_xobeh_ov_fountains_minmay, minmay_temple_entry_antechambers
D:6:      layout_loops_ring, yredelemnul_altar_generic, kennysheep_small_spiral,
          uniq_edmund, uniq_crazy_yiuf_cottage
D:7:      layout_basic, elyvilon_altar_5, roderic_lattice_a
D:8:      layout_rooms, hellmonk_guarded_unrand_vitality_bloodlust
D:9:      layout_basic, minitemple
Temple:   cyrus_circular_temple

Skill      XL: |  1  2  3  4  5  6  7  8  9 10 |
---------------+-------------------------------+-----
Unarmed Combat | 1 2 3 4 6 7 9 12 14 15 | 15.0
Fighting       | |  1.0
Ranged Weapons | |  2.1
Dodging        | |  2.1
Spellcasting   | |  1.0
Hexes          | |  2.1
Fire Magic     | |  1.1

Action                     |  1- 3 |  4- 6 |  7- 9 | 10-12 || total
---------------------------+-------+-------+-------+-------++-------
  Melee: Unarmed           |       |       |   110 |     6 ||   116
         Kick              |       |       |    30 |     2 ||    32
         Peck              |       |       |    26 |     1 ||    27
         Punch             |       |       |    11 |     2 ||    13
   Fire: Sling             |    91 |   185 |   107 |       ||   383
  Throw: Throwing net      |       |       |     2 |       ||     2
         Dart              |       |       |     1 |       ||     1
   Cast: Jinxbite          |       |    16 |    26 |       ||    42
  Evoke: Wand              |       |       |    16 |     1 ||    17
    Use: Scroll            |       |     8 |     9 |       ||    17
   Stab: Paralysed         |       |       |     2 |       ||     2
 Armour: Robe              |    23 |    59 |    21 |       ||   103
         Ring mail         |       |       |    48 |     9 ||    57
  Dodge: Dodged            |    45 |    71 |   250 |    14 ||   380

Table legend: (Time is in decaauts)
 A = Elapsed time spent in this place.
 B = Non-inter-level travel time spent in this place.
 C = Inter-level travel time spent in this place.
 D = Time resting spent in this place.
 E = Time spent auto-exploring this place.
 F = Levels seen in this place.
 G = Mean time per level.
                   A        B        C        D        E       F      G
               +--------+--------+--------+--------+--------+-----+--------+
         Total |   6701 |   6483 |    218 |    908 |   3628 |  10 |  670.1 |
       Dungeon |   6684 |   6474 |    210 |    908 |   3628 |   9 |  742.7 |
        Temple |     17 |      9 |      8 |      0 |      0 |   1 |   17.0 |
               +--------+--------+--------+--------+--------+-----+--------+

Top non-repeatable levels by time:
     D:7: 1534 daAuts
     D:6: 965 daAuts
     D:4: 860 daAuts
     D:5: 809 daAuts
     D:2: 695 daAuts
     D:1: 674 daAuts
     D:3: 631 daAuts
     D:8: 442 daAuts
     D:9: 69 daAuts
  Temple: 17 daAuts
